 Dungeon Crawl Stone Soup version 0.20-a0-494-gf50ee04 (webtiles) character file.

47071 Amnesiac the Jinx (level 14, -6/103 HPs)
             Began as a Mummy Enchanter on Jan 17, 2017.
             Was an Initiate of Gozag.
             Mangled by an Executioner (7 damage)
             ... summoned by Asterion
             ... on level 1 of the Elven Halls.
             The game lasted 01:09:58 (27893 turns).

Amnesiac the Jinx (Mummy Enchanter)                Turns: 27893, Time: 01:09:59

Health: -6/103     AC: 19    Str: 14    XL:     14   Next: 7%
Magic:  21/27      EV: 16    Int: 19    God:    Gozag
Gold:   578        SH:  9    Dex: 13    Spells: 20/32 levels left

rFire    . . .     SeeInvis .   b - +2 dagger (distort)
rCold    + . .     Gourm    .   t - +3 leather armour {rF+}
rNeg     + + +     Faith    .   y - +0 buckler
rPois    ∞         Spirit   .   v - +2 helmet
rElec    .         Reflect  +   z - +0 cloak
rCorr    .         Harm     .   j - +1 pair of gloves {Str+3}
MR       +....                  x - +2 pair of boots {Stlth+}
Stlth    ++++++....             B - +4 amulet of reflection
Regen    0.3/turn               u - +4 ring of protection
                                l - ring of stealth

@: no status effects
A: no food or potions, fire vulnerability, cold resistance 1, negative energy
resistance 3, torment resistance, unbreathing, in touch with death 1
a: Potion Petition, Call Merchant, Bribe Branch, Renounce Religion


You were on level 1 of the Elven Halls.
You worshipped Gozag.
Gozag was pleased with you.
You were not hungry.

You visited 4 branches of the dungeon, and saw 14 of its levels.
You also visited: Bailey.

You collected 5572 gold pieces.
You spent 1857 gold pieces at shops.
You paid 3137 gold pieces to Gozag.

Inventory:

Hand Weapons
 b - a +2 dagger of distortion (weapon)
Armour
 j - a +1 pair of gloves of strength (worn)
 p - a +2 robe of resistance
 t - a +3 leather armour of fire resistance (worn)
 v - a +2 helmet (worn)
 x - a +2 pair of boots of stealth (worn)
 y - a +0 buckler (worn)
 z - a +0 cloak (worn)
Jewellery
 a - the ring of Keanir {rCorr rF+ rC+ Str+2 Dex+3}
   (You bought it in a shop on level 1 of the Orcish Mines)

   [ring of resist corrosion]

   It affects your strength (+2).
   It affects your dexterity (+3).
   It protects you from fire.
   It protects you from cold.
 l - a ring of stealth (left hand)
 u - a +4 ring of protection (right hand)
 B - a +4 amulet of reflection (around neck)
Wands
 o - a wand of random effects (25/48)
 s - a wand of lightning (8/15)
Scrolls
 d - 3 scrolls of immolation
 e - a scroll of fog
 f - 7 scrolls of remove curse
 g - a scroll of recharging
 h - 2 scrolls of magic mapping
 i - 4 scrolls of amnesia
 n - 3 scrolls of enchant armour
 q - 3 scrolls of identify
 r - 3 scrolls of enchant weapon
Books
 c - a book of Maledictions

   Spells                             Type                      Level
   a - Corona                         Hexes                        1
   b - Ensorcelled Hibernation        Hexes/Ice                    2
   c - Confuse                        Hexes                        3
   d - Tukima's Dance                 Hexes                        3
   e - Dazzling Spray                 Conjuration/Hexes            3
 m - a book of Misfortune

   Spells                             Type                      Level
   a - Confusing Touch                Hexes                        1
   b - Confuse                        Hexes                        3
   c - Gell's Gravitas                Hexes/Translocation          3
   d - Petrify                        Transmutation/Earth          4
   e - Metabolic Englaciation         Hexes/Ice                    5
   f - Yara's Violent Unravelling     Hexes/Transmutation          5
Miscellaneous
 w - a lamp of fire


   Skills:
 - Level 7.0 Fighting
 - Level 10.0 Short Blades
 - Level 8.4 Dodging
 - Level 10.0 Stealth
 + Level 6.0 Shields
 - Level 9.6 Spellcasting
 - Level 10.6 Hexes


You had 20 spell levels left.
You knew the following spells:

 Your Spells              Type           Power        Failure   Level  Hunger
a - Dazzling Spray        Conj/Hex       ####..       3%          3    N/A
e - Confuse               Hex            #####...     1%          3    N/A
f - Corona                Hex            #####..      1%          1    N/A
w - Tukima's Dance        Hex            #####...     1%          3    N/A
z - Ensorcelled Hibernat  Hex/Ice        ####..       1%          2    N/A

Dungeon Overview and Level Annotations

Branches:
Dungeon (10/15)            Temple (1/1) D:7            Lair (0/6) D:10
    Orc (2/2) D:10            Elf (1/3) Orc:2

Altars:
Ashenzari
Cheibriados
Dithmenos
Elyvilon
Fedhas
Gozag
Hepliaklqana
Kikubaaqudgha
Makhleb
Nemelex Xobeh
Okawaru
Qazlal
Ru
Sif Muna
Trog
Uskayaw
Vehumet
Xom
Yredelemnul
Zin
The Shining One
Beogh

Shops:
D:4 %   D:5 *   D:7 }   D:8 :   D:9 [?   Orc:1 =   Orc:2 =!*([   Elf:1 }([=

Annotations:
Elf:1 exclusion: deep elf annihilator, Asterion, Frances
Abyss:1 Aizul


Innate Abilities, Weirdness & Mutations

You do not eat or drink.
Your flesh is vulnerable to fire.
You are immune to poison.
Your flesh is cold resistant. (rC+)
You are immune to negative energy. (rN+++)
You are immune to unholy pain and torment.
You can survive without breathing.
You are in touch with the powers of death.


Message History

The Executioner misses you. The Executioner hits you!!
* * * LOW HITPOINT WARNING * * *
The Executioner hits you but does no damage.
You block the Executioner's attack. x2
The Executioner hits you but does no damage.
The Executioner closely misses you. You block Frances's attack.
You block the Executioner's attack. x2; The Executioner closely misses you.
The Executioner hits you!
* * * LOW HITPOINT WARNING * * *
The Executioner hits you.
* * * LOW HITPOINT WARNING * * *
The Executioner hits you.
* * * LOW HITPOINT WARNING * * *
You block Frances's attack. The Executioner misses you.
The Executioner hits you but does no damage.
The Executioner hits you!
You die...
Your body crumbles into a pile of gold.

######### #...H4..#
#H#####.# #.# #.#
##.#####.# ######
##......#.# ### #.....
#.....#.#.# ##.##
#.#### #.......#.#@#
##...###.# #
#.###....@1.#
#.....##.# # #.
##..#.#######...###.#
## #
#..#...............# #.
......##########>######
#. ####.## #.# ####.
#.# ##'## #.... #.#
##...## #.... #.###
##.....###....


You could see Frances and an Executioner.

Vanquished Creatures
  Saint Roka (Orc:2)
  A deep elf sorcerer (Elf:1)
  Snorg (Orc:2)
  A two-headed ogre (D:8)
  An orc high priest (Elf:1)
  Urug (D:10)
  4 deep elf knights (Elf:1)
  A wizard (Elf:1)
  3 deep elf archers (Elf:1)
  3 orc sorcerers (Orc:2)
  4 orc knights
  Pikel (D:6)
  A harpy (shapeshifter) (D:9)
  26 deep elf magi
  2 cyclopes (Orc:2)
  A centaur zombie (D:10)
  Joseph (D:7)
  An ice statue (D:8)
  A tengu conjurer (Elf:1)
  4 trolls (Orc:1)
  A polar bear (D:9)
  Prince Ribbit (D:8)
  Grinder (D:3)
  A dancing weapon (Orc:2)
  A water elemental (Elf:1)
  2 wyverns
  Eustachio (D:6)
  2 air elementals (Elf:1)
  10 yaks
  3 hungry ghosts
  4 wargs
  A water moccasin (D:8)
  3 porcupines (D:10)
  An ice beast (D:9)
  50 orc warriors
  2 sky beasts (D:5)
  A slave (D:6)
  3 phantoms
  A black bear (D:10)
  10 ogres
  A boggart (Elf:1)
  4 centaurs
  2 crocodiles
  3 big kobolds
  5 bullfrogs
  Blork the orc (D:4)
  A gnoll sergeant (D:6)
  An earth elemental (Elf:1)
  A wyvern skeleton (D:9)
  3 scorpions
  6 killer bees (D:8)
  A howler monkey (D:10)
  5 crimson imps
  2 bullfrog zombies
  3 hounds
  3 quasits
  A centaur skeleton (D:4)
  2 jellies
  2 bullfrog skeletons
  24 orc priests
  35 orc wizards
  Crazy Yiuf (D:4)
  An iguana (D:4)
  5 worker ants
  A hound zombie (D:9)
  A hound skeleton (D:10)
  A worker ant zombie (D:8)
  8 gnolls
  12 adders
  A shadow imp (D:5)
  A white imp (D:9)
  An adder zombie (D:10)
  4 worms
  A dart slug (D:1)
  2 leopard geckos
  110 orcs
  6 giant cockroaches
  8 goblins
  11 hobgoblins
  9 jackals (D:3)
  2 quokkas
  2 ball pythons
  10 bats
  A frilled lizard (D:5)
  A jackal skeleton (D:4)
  27 kobolds
  A leopard gecko skeleton (D:4)
  A quokka skeleton (D:4)
  11 rats
  A plant (Elf:1)
505 creatures vanquished.

Vanquished Creatures (collateral kills)
  Psyche (D:8)
  An ogre (D:5)
  An orc (D:10)
3 creatures vanquished.

Vanquished Creatures (others)
  A deep elf sorcerer (Elf:1)
  A deep elf archer (Elf:1)
  An orc sorcerer (Orc:1)
  A merfolk (D:10)
  4 dancing weapons
  A hungry ghost (D:10)
  2 slaves (D:6)
  2 orc warriors (Orc:1)
  A bullfrog (D:10)
  A centaur zombie (D:6)
  A hound (D:10)
  An orc priest (Orc:1)
  4 orc wizards
  An adder (D:9)
  11 orcs
  3 plants (Elf:1)
36 creatures vanquished.

Grand Total: 544 creatures vanquished

Notes
Turn   | Place    | Note
-------+----------+-------------------------------------------
     0 | D:1      | Amnesiac the Mummy Enchanter began the quest for the Orb.
     0 | D:1      | Reached XP level 1. HP: 13/13 MP: 4/4
    39 | D:1      | Reached skill level 1 in Short Blades
   314 | D:1      | Reached XP level 2. HP: 15/19 MP: 2/5
   955 | D:3      | Noticed Grinder
  1026 | D:2      | Reached XP level 3. HP: 6/24 MP: 3/7
  1031 | D:2      | Learned a level 3 spell: Confuse
  1035 | D:2      | Learned a level 3 spell: Tukima's Dance
  1435 | D:3      | HP: 1/24 [orc/mace (7)]
  2174 | D:3      | Paralysed by Grinder for 3 turns
  2229 | D:3      | Killed Grinder
  2229 | D:3      | Reached XP level 4. HP: 13/30 MP: 0/10
  2229 | D:3      | Reached XP level 5. HP: 16/35 MP: 0/11
  2436 | D:4      | Noticed Blork the orc
  2485 | D:4      | Killed Blork the orc
  2485 | D:4      | Reached skill level 5 in Hexes
  2485 | D:4      | Reached XP level 6. HP: 26/41 MP: 2/13
  2806 | D:4      | Found Dilewkin's Food Shop.
  3021 | D:4      | Reached skill level 5 in Spellcasting
  3634 | D:4      | Found a runed door.
  3822 | D:5      | Entered Level 5 of the Dungeon
  4113 | D:5      | Reached XP level 7. HP: 30/46 MP: 8/14
  4254 | D:5      | Found Ytygh's Assorted Antiques.
  4287 | D:5      | Learned a level 3 spell: Dazzling Spray
  4290 | D:5      | Learned a level 2 spell: Ensorcelled Hibernation
  4477 | D:5      | Found a shadowy altar of Dithmenos.
  5497 | D:5      | Reached XP level 8. HP: 21/52 MP: 1/15
  5913 | D:6      | Noticed Eustachio
  5926 | D:6      | Killed Eustachio
  5926 | D:6      | Reached skill level 5 in Short Blades
  6061 | D:6      | Noticed Pikel
  6099 | D:6      | Killed Pikel
  6947 | D:6      | Reached XP level 9. HP: 26/57 MP: 0/16
  7334 | D:7      | Found Revyubb's Quality Used Wands.
  7363 | D:7      | Noticed Joseph
  7707 | D:7      | Killed Joseph
  7977 | D:7      | Found a staircase to the Ecumenical Temple.
  7999 | Temple   | Entered the Ecumenical Temple
  8281 | Temple   | Became a worshipper of Gozag Ym Sagoz the Greedy
  8620 | D:3      | Found a faded altar of an unknown god.
 10576 | D:4      | Noticed Crazy Yiuf
 10580 | D:4      | Killed Crazy Yiuf
 10735 | D:5      | Bought a pair of runed boots for 273 gold pieces
 10740 | D:5      | Bought a scroll labeled OBYROFURGHEO for 26 gold pieces
 10740 | D:5      | Bought a scroll labeled VONELA UFYIHOS for 26 gold pieces
 10740 | D:5      | Bought a brightly glowing chain mail for 247 gold pieces
 10750 | D:5      | Identified the +2 chain mail of Dramatic Exits {-Cast rPois rC+ Str+4} (You bought it in a shop on level 5 of the Dungeon)
 10902 | D:8      | Noticed Prince Ribbit
 10906 | D:8      | Noticed Psyche
 10922 | D:8      | Killed Prince Ribbit
 10947 | D:8      | Killed Psyche
 11116 | D:8      | Noticed a two-headed ogre
 11151 | D:8      | Killed a two-headed ogre
 11151 | D:8      | Reached XP level 10. HP: 54/63 MP: 8/21
 11405 | D:8      | Found Tiucer's Book Shoppe.
 11854 | D:8      | Noticed an ice statue
 12896 | D:8      | Reached skill level 5 in Stealth
 12952 | D:8      | Killed an ice statue
 13131 | D:9      | Noticed a harpy
 13159 | D:9      | Killed a harpy
 13172 | D:9      | Found Ufustuxe's Magic Scroll Shoppe.
 13432 | D:9      | Found a flagged portal.
 13532 | D:9      | Got a polished ring mail
 13543 | Bailey   | Entered a bailey
 13543 | Bailey   | Noticed an orc knight
 13543 | Bailey   | Noticed an orc knight
 13544 | Bailey   | Killed an orc knight
 13545 | Bailey   | Killed an orc knight
 13549 | Bailey   | Reached XP level 11. HP: 67/68 MP: 5/23
 14857 | D:9      | Identified the cursed +1 ring mail of Space {rF- Int+3} (You found it on level 9 of the Dungeon)
 14907 | D:9      | Bought a pair of runed gloves for 294 gold pieces
 14907 | D:9      | Bought a runed robe for 187 gold pieces
 14935 | D:10     | Entered Level 10 of the Dungeon
 15064 | D:10     | Noticed Urug
 15113 | D:10     | Killed Urug
 15474 | D:10     | Found a basalt altar of Yredelemnul.
 15529 | D:10     | Found a staircase to the Lair.
 15533 | D:10     | Reached skill level 10 in Short Blades
 16253 | D:10     | Found a staircase to the Orcish Mines.
 16490 | Orc:1    | Entered Level 1 of the Orcish Mines
 16876 | Orc:1    | Noticed an orc knight
 16910 | Orc:1    | Killed an orc knight
 16924 | Orc:1    | Reached skill level 10 in Stealth
 16941 | Orc:1    | Reached skill level 1 in Fighting
 17535 | Orc:2    | Entered Level 2 of the Orcish Mines
 17535 | Orc:2    | Noticed Snorg
 17602 | Orc:2    | Found a staircase to the Elven Halls.
 17602 | Orc:2    | Noticed an orc sorcerer
 17618 | Orc:2    | Killed an orc sorcerer
 17793 | Orc:2    | Noticed an orc sorcerer
 17797 | Orc:2    | Reached XP level 12. HP: 57/83 MP: 17/24
 18051 | Orc:2    | Found a roughly hewn altar of Beogh.
 18112 | Orc:2    | Reached skill level 5 in Fighting
 18123 | Orc:2    | Paralysed by an orc sorcerer for 3 turns
 18733 | Orc:2    | Noticed Saint Roka
 18963 | Orc:1    | Bought the ring of Keanir {rCorr rF+ rC+ Str+2 Dex+3} for 669 gold pieces
 20316 | Orc:2    | Found a roughly hewn altar of Beogh.
 20504 | Orc:2    | Found a roughly hewn altar of Beogh.
 20618 | Orc:2    | Killed Snorg
 20852 | Orc:2    | Found a roughly hewn altar of Beogh.
 21277 | Orc:2    | Found a roughly hewn altar of Beogh.
 21277 | Orc:2    | Found Yce Xiag's Antique Armour Emporium.
 21439 | Orc:2    | Found Sawk's Antique Weapon Shoppe.
 21482 | Orc:2    | Reached skill level 5 in Dodging
 21528 | Orc:2    | Found Xeirocupu's Assorted Antiques.
 21545 | Orc:2    | Bought a twisted moonstone ring for 135 gold pieces
 22318 | Orc:2    | HP: 1/91 [Saint Roka/divine providence (17)]
 22631 | Orc:2    | Noticed an orc warlord
 22837 | Orc:1    | Noticed a two-headed ogre
 24001 | Orc:2    | Killed Saint Roka
 24033 | Orc:2    | Found a roughly hewn altar of Beogh.
 24034 | Orc:2    | Found Otysiqawn's Distillery.
 24298 | Elf:1    | Entered Level 1 of the Elven Halls
 24357 | Orc:2    | Gained mutation: You are in touch with the powers of death. [Mummy growth]
 24357 | Orc:2    | Reached XP level 13. HP: 96/96 MP: 19/25
 24959 | Elf:1    | Found Oginatur's Gadget Shop.
 25075 | Elf:1    | Found Saekhlyobb's Weapon Boutique.
 25435 | Elf:1    | Found Jus Muph's Jewellery Shop.
 25467 | Elf:1    | Reached skill level 10 in Hexes
 25488 | Elf:1    | Noticed a deep elf sorcerer
 25572 | Elf:1    | Banished a deep elf sorcerer
 25668 | Elf:1    | Noticed Asterion
 25716 | Elf:1    | Reached skill level 1 in Shields
 25810 | Elf:1    | Noticed Frances
 27195 | Elf:1    | Noticed a deep elf sorcerer
 27283 | Elf:1    | Found Orrall's Antique Armour Boutique.
 27297 | Elf:1    | Noticed Aizul
 27331 | Elf:1    | Banished Aizul
 27417 | Elf:1    | Reached skill level 5 in Shields
 27617 | Elf:1    | Killed a deep elf sorcerer
 27617 | Elf:1    | Reached XP level 14. HP: 102/103 MP: 20/27
 27883 | Elf:1    | Noticed an Executioner
 27892 | Elf:1    | HP: 2/103 [Executioner[Asterion] (5)]
 27893 | Elf:1    | Mangled by an Executioner

Vault maps used:
D:1:      arrival_zaba_pyramid
D:2:      first_bread, minmay_misc_feat_nine_boxes, minmay_tetromino_t4
D:3:      chequers_ecumenical_altar_island, serial_bayou, serial_bayou_pond_e,
          serial_bayou_pond_b, serial_bayou_crossing, serial_bayou_shore_b,
          uniq_grinder
D:4:      serial_shops, shop, uniq_crazy_yiuf_cottage, uniq_blork_the_orc
D:5:      serial_shops, shop, grunt_dithmenos_shadows
D:6:      uniq_eustachio, uniq_pikel
D:7:      serial_glass, glass_columns_a, glass_columns_a,
          nicolae_for_you_no_charge, uniq_joseph
D:8:      lemuel_ice_statue, serial_shops, shop, uniq_psyche,
          uniq_prince_ribbit1
D:9:      enter_bailey_8, serial_shops, kennysheep_little_box, serial_ice,
          serial_ice_a, serial_ice_n, serial_ice_f, serial_ice_b
D:10:     grunt_lair_entry_orc_guard_hut, david_orc_4, basic_altar,
          hangedman_fish_farm, hangedman_decor_diamond_cutter, uniq_urug
Temple:   regret_index_temple_sigil_plot
Orc:1:    minmay_orc_keep
Orc:2:    grunt_orc_community_town_hall, grunt_orc_community_big_house_1,
          grunt_orc_community_big_house_1, grunt_orc_community_house_2,
          grunt_orc_community_house_2, grunt_orc_community_house_1,
          grunt_orc_community_house_3, grunt_orc_community_house_3,
          grunt_orc_community_house_3, uniq_snorg, uniq_saint_roka
Elf:1:    minmay_elf_arrival_summoners, serial_shops,
          nicolae_shop_overgrown_old_shop, nicolae_shop_crystal, shop,
          shop_coins, hangedman_elf_disciples, uniq_asterion, uniq_aizul,
          uniq_frances
Bailey:   bailey_polearm_4, bailey

Skill      XL: |  1  2  3  4  5  6  7  8  9 10 11 12 13 14 |
---------------+-------------------------------------------+-----
Short Blades   | 1 2 4 7 8 10 | 10.0
Hexes          | 3 4 5 6 8 9 10 | 10.6
Spellcasting   | 3 4 5 7 8 9 |  9.6
Stealth        | 4 8 10 | 10.0
Fighting       | 3 7 |  7.0
Dodging        | 7 8 |  8.4
Shields        | 5 6 |  6.0

Action                   |  1- 3 |  4- 6 |  7- 9 | 10-12 | 13-15 || total
-------------------------+-------+-------+-------+-------+-------++-------
Melee: Dagger            |   155 |   128 |   483 |   861 |   272 ||  1899
       Short sword       |       |       |    69 |       |       ||    69
 Fire: Hand crossbow     |       |       |       |    66 |       ||    66
 Cast: Corona            |    18 |       |     2 |     1 |     1 ||    22
       Confuse           |    10 |    17 |    57 |   159 |    27 ||   270
       Tukima's Dance    |     3 |       |    12 |    10 |     7 ||    32
       Ensorcelled Hiber |       |       |    71 |   229 |    72 ||   372
       Dazzling Spray    |       |       |       |    11 |    13 ||    24
Invok: Call Merchant     |       |       |       |     3 |       ||     3
       Potion Petition   |       |       |       |     1 |     3 ||     4
  Use: Scroll            |       |       |    11 |    13 |     1 ||    25
 Stab: Sleeping          |     4 |       |    32 |   112 |    35 ||   183
       Confused          |     3 |    11 |    30 |    41 |     5 ||    90
       Distracted        |       |     1 |     2 |     7 |     3 ||    13
       Invisible         |       |       |       |     2 |     2 ||     4
Armor: Robe              |    34 |       |       |       |       ||    34
       Ring mail         |     6 |    25 |    78 |       |       ||   109
       Leather armour    |       |       |   109 |   282 |    85 ||   476
Dodge: Dodged            |    89 |    35 |   204 |   403 |   140 ||   871
Block: Other             |    21 |    10 |    77 |   117 |    16 ||   241
       Reflection        |       |       |     2 |     5 |     5 ||    12
       Buckler           |       |       |       |       |    33 ||    33
